 Dungeon Crawl Stone Soup version 0.27-a0-1090-gb115f176c6 (webtiles) character file.

Game seed: 6043484849654532406

252 siradein the Conjurer (level 5, 0/38 HPs)
             Began as a Draconian Conjurer on Apr 28, 2021.
             Slain by a bullfrog (3 damage)
             ... in a sewer.
             The game lasted 00:16:01 (4241 turns).

siradein the Conjurer (Draconian Conjurer)          Turns: 4241, Time: 00:16:02

Health: 0/38       AC:  5    Str: 10    XL:     5   Next: 89%
Magic:  0/11       EV: 12    Int: 19    God:
Gold:   144        SH:  0    Dex:  9    Spells: 6/12 levels left

rFire    . . .     SeeInvis .   (no weapon)
rCold    . . .     Faith    .   (no shield)
rNeg     . . .     Spirit   .   (armour unavailable)
rPois    .         Reflect  .   (helmet restricted)
rElec    .         Harm     .   (no cloak)
rCorr    .         Rampage  .   (no gloves)
Will     .....                  (no boots)
Stlth    ++........             (no amulet)
HPRegen  0.12/turn              (no ring)
MPRegen  0.12/turn              (no ring)

@: no status effects
A: AC +5, unfitting armour, cold-blooded
a: no special abilities


You were in a sewer.
You visited 1 branch of the dungeon, and saw 3 of its levels.
You also visited: Sewer.

You collected 144 gold pieces.

Inventory:

Scrolls
 a - 2 scrolls of identify {unknown}
 c - 2 scrolls of magic mapping {unknown}
 d - 3 scrolls of teleportation {unknown}
 e - 3 scrolls of immolation {unknown}
 f - a scroll of fear {unknown}
 i - a scroll of noise {unknown}
Potions
 b - a potion of heal wounds {unknown}
 g - a potion of invisibility {unknown}
 h - a potion of curing {unknown}


   Skills:
 - Level 1.7 Dodging
 - Level 1.7 Stealth
 + Level 4.2 Spellcasting
 + Level 5.8 Conjurations


You had 6 spell levels left.
You knew the following spells:

 Your Spells              Type           Power      Damage    Failure   Level
a - Magic Dart            Conj           100%       1d8       1%          1
b - Searing Ray           Conj           52%        3d5       1%          2
c - Dazzling Flash        Conj/Hex       30%        N/A       12%         3

Your spell library contained the following spells:

 Spells                   Type           Power      Damage    Failure   Level
 Corona                   Hex            4%         N/A       14%         1
 Slow                     Hex            4%         N/A       21%         2
 Inner Flame              Hex/Fire       4%         N/A       38%         3
 Portal Projectile        Hex/Tloc       8%         N/A       38%         3
 Fulminant Prism          Conj/Hex       7%         3d7       38%         4
 Iskenderun's Mystic Bla  Conj/Tloc      15%        2d5       38%         4
 Cause Fear               Hex            2%         N/A       80%         4
 Leda's Liquefaction      Hex/Erth       2%         N/A       80%         4


Dungeon Overview and Level Annotations

Branches:
Dungeon (3/15)              Sewer (1/1)

Altars:

Shops:
D:1 !?   D:2 =


Innate Abilities, Weirdness & Mutations

Your plain brown scales are hard. (AC +5)
You cannot fit into any form of body armour.
You are cold-blooded and may be slowed by cold attacks.


Message History

The bullfrog is moderately wounded.
The bullfrog hits you.
Your Spellcasting skill increases to level 4!
The searing ray misses the bullfrog.
The bullfrog barely misses you.
Without enough magic to sustain it, your searing ray dissipates.
The bullfrog hits you. The bullfrog barely misses you.
The bullfrog hits you but does no damage.
The bullfrog hits you.
You enter the shallow water.
Moving in this stuff is going to be slow.
The bullfrog hits you. The bullfrog hits you! The bullfrog barely misses you.
The bullfrog hits you.
* * * LOW HITPOINT WARNING * * *
You enter the shallow water.
Moving in this stuff is going to be slow.
The bullfrog hits you but does no damage. x2
The giant cockroach closely misses you. The bullfrog closely misses you.
The bullfrog hits you.
* * * LOW HITPOINT WARNING * * *
You enter the shallow water.
Moving in this stuff is going to be slow.
The bullfrog completely misses you. The bullfrog hits you.
* * * LOW HITPOINT WARNING * * *
The bullfrog barely misses you.
Aiming: Magic Dart (safe; 1% risk of failure)
Press: ? - help, Q - select action, (/) - cycle Shift-Dir - straight line, f - bullfrog
Aim: a bullfrog (moderately wounded, 100% to hit)
The magic dart hits the bullfrog.
The bullfrog is heavily wounded.
The bullfrog hits you but does no damage.
Aiming: Magic Dart (safe; 1% risk of failure)
Press: ? - help, Q - select action, (/) - cycle Shift-Dir - straight line, f/p - bullfrog
Aim: a bullfrog (heavily wounded, 100% to hit)
The magic dart hits the bullfrog.
The bullfrog is heavily wounded.
The giant cockroach closely misses you. The bullfrog misses you.
The giant cockroach splashes around in the water.
The bullfrog hits you.
You die...

######### ###≈≈≈≈.≈≈###
##≈≈≈≈≈≈≈≈≈≈≈##
##..≈†..≈≈≈≈≈≈.#####
##.≈≈≈.#####≈≈≈≈.##∩##
#..≈≈###.≈≈###≈.≈≈#≈.#
#.≈.##≈≈≈≈≈≈†##≈≈.#≈.##
##≈≈##≈≈≈≈≈≈@≈≈##≈≈##..#
#≈.≈#≈≈≈≈≈≈≈BF≈≈#≈≈≈#.∩#
#≈≈##≈≈≈#####≈.≈##.≈#≈.#
##≈≈#≈≈≈## ##≈≈.#≈.##.##
#≈≈≈#≈≈## ##≈≈#≈≈≈#≈.#
#≈.##†.# #.≈###≈#≈≈#
#≈≈#≈≈##≈≈FJ≈≈≈##≈≈≈#≈#≈.#
#≈÷#≈.# ≈≈≈≈≈≈. #≈≈∩#≈#.≈#
#≈≈#≈≈# ≈..≈≈≈≈ #.≈≈#†#†≈#


You could see a bullfrog and a giant cockroach.

Vanquished Creatures
  A bullfrog (Sewer)
  4 adders (Sewer)
  A worm (D:2)
  3 dart slugs
  3 orcs (D:3)
  15 endoplasms
  14 giant cockroaches
  9 goblins
  6 hobgoblins
  7 jackals
  7 kobolds
  11 quokkas
  19 ball pythons
  2 bats
  21 frilled lizards
  7 rats
130 creatures vanquished.

Notes
Turn   | Place    | Note
-------+----------+-------------------------------------------
     0 | D:1      | siradein the Draconian Conjurer began the quest for the
                  | Orb.
     0 | D:1      | Reached XP level 1. HP: 14/14 MP: 3/3
    35 | D:1      | Found Waywn's Magic Scroll Shoppe.
   200 | D:1      | Reached XP level 2. HP: 20/20 MP: 3/5
   585 | D:1      | Learned a level 2 spell: Searing Ray
   620 | D:1      | Found Pufasch's Distillery.
  1242 | D:1      | Reached XP level 3. HP: 26/26 MP: 5/7
  2033 | D:2      | Found a faded altar of an unknown god.
  2188 | D:2      | Learned a level 3 spell: Dazzling Flash
  2355 | D:2      | Found Nuetsaixt's Jewellery Shop.
  2735 | D:3      | Reached XP level 4. HP: 33/33 MP: 3/8
  3002 | D:3      | Reached skill level 5 in Conjurations
  3005 | D:3      | Found a glowing drain.
  3014 | Sewer    | Entered a sewer
  3697 | Sewer    | Reached XP level 5. HP: 38/38 MP: 8/10
  4241 | Sewer    | Slain by a bullfrog

Illustrated notes

Levels and vault maps discovered:
D:1:      eino_arrival_cavern_a, layout_basic, serial_shops, shop, shop,
          minmay_pentomino_z4
D:2:      kennysheep_six_static_rooms, layout_loops_ring, serial_shops, shop,
          shapermc_ecumenical_altar_gd
D:3:      minmay_wonky_spiral, layout_loops_corners, nzn_wu_jian_contemplation,
          cheibrodos_sewer_entry_sluice, corexii_leaking_fountain
Sewer:    sewer_frog_island_02

Skill      XL: |  1  2  3  4  5 |
---------------+----------------+-----
Spellcasting   | 3 4 |  4.2
Conjurations   | 5 |  5.8
Dodging        | |  1.7
Stealth        | |  1.7

Action                   |  1- 3 |  4- 6 || total
-------------------------+-------+-------++-------
Melee: Unarmed           |       |    10 ||    10
 Cast: Magic Dart        |    95 |   138 ||   233
       Searing Ray       |     6 |     3 ||     9
Armor: Skin              |     2 |    15 ||    17
Dodge: Dodged            |     5 |    48 ||    53

Table legend: (Time is in decaauts)
 A = Elapsed time spent in this place.
 B = Non-inter-level travel time spent in this place.
 C = Inter-level travel time spent in this place.
 D = Time resting spent in this place.
 E = Time spent auto-exploring this place.
 F = Levels seen in this place.
 G = Mean time per level.
                   A        B        C        D        E       F      G
               +--------+--------+--------+--------+--------+-----+--------+
         Total |   4330 |   4238 |     92 |    242 |   3108 |   4 | 1082.5 |
       Dungeon |   3015 |   2923 |     92 |    119 |   2163 |   3 | 1005.0 |
         Sewer |   1314 |   1314 |      0 |    123 |    945 |   1 | 1314.0 |
               +--------+--------+--------+--------+--------+-----+--------+

Top non-repeatable levels by time:
     D:1: 1374 daAuts
   Sewer: 1314 daAuts
     D:2: 1248 daAuts
     D:3: 393 daAuts
